 Dungeon Crawl Stone Soup version 0.28-a0-769-g550dbda (webtiles) character file.

Game seed: 289066489220978743

85 NeededCrab the Grasshopper (level 4, -2/38 HPs)
             Began as a Gnoll Warper on Oct 30, 2021.
             Killed from afar by Robin (6 damage)
             ... with a puff of flame
             ... on level 3 of the Dungeon on Oct 31, 2021.
             The game lasted 00:11:00 (3482 turns).

NeededCrab the Grasshopper (Gnoll Warper)           Turns: 3482, Time: 00:11:00

Health: -2/38      AC:  3    Str: 17    XL:     4   Next: 48%
Magic:  8/11       EV: 13    Int: 12    God:
Gold:   140        SH:  0    Dex: 12    Spells: 2/13 levels left

rFire   . . .      SeeInvis .   a - +0 mace
rCold   . . .      Faith    .   (no shield)
rNeg    . . .      Spirit   .   b - +0 leather armour
rPois   .          Reflect  .   (no helmet)
rElec   .          Harm     .   (no cloak)
rCorr   .          Rampage  .   (no gloves)
Will    .....                   (no boots)
Stlth   +.........              (no amulet)
HPRegen 0.12/turn               h - +6 ring of strength
MPRegen 0.12/turn               (no ring)

@: no status effects
A: fangs 1, strong nose, distributed training
a: no special abilities


You were on level 3 of the Dungeon.
You visited 1 branch of the dungeon, and saw 4 of its levels.

You collected 140 gold pieces.

Inventory:

Hand Weapons
 a - a +0 mace (weapon)
Missiles
 d - 11 boomerangs of dispersal (quivered)
Armour
 b - a +0 leather armour (worn)
Jewellery
 h - a +6 ring of strength (left hand)
Scrolls
 c - 2 scrolls of blinking
 f - a scroll of teleportation {unknown}
 g - a scroll of identify {unknown}
 l - a scroll of enchant armour {unknown}
 n - a scroll of fear {unknown}
Potions
 e - a potion of resistance {unknown}
 i - 2 potions of heal wounds {unknown}
 j - a potion of ambrosia {unknown}
 k - a potion of brilliance {unknown}
 m - a potion of mutation {unknown}


   Skills:
 + Level 4.6 Fighting
 + Level 1.1 Short Blades
 + Level 1.1 Long Blades
 + Level 1.1 Axes
 + Level 4.6 Maces & Flails
 + Level 1.1 Polearms
 + Level 1.1 Staves
 + Level 1.1 Slings
 + Level 1.1 Bows
 + Level 1.1 Crossbows
 + Level 2.7 Throwing
 + Level 2.7 Armour
 + Level 4.6 Dodging
 + Level 1.1 Stealth
 + Level 1.1 Shields
 + Level 1.1 Unarmed Combat
 + Level 5.1 Spellcasting
 + Level 0.9 Conjurations
 + Level 0.9 Hexes
 + Level 0.9 Summonings
 + Level 0.9 Necromancy
 + Level 5.4 Translocations
 + Level 0.9 Transmutations
 + Level 0.9 Fire Magic
 + Level 0.9 Ice Magic
 + Level 0.9 Air Magic
 + Level 0.9 Earth Magic
 + Level 0.9 Poison Magic
 + Level 1.2 Invocations
 + Level 1.1 Evocations


You had 2 spell levels left.
You knew the following spells:

 Your Spells              Type           Power      Damage    Failure   Level
a - Blink                 Tloc           32%        N/A       3%          2
b - Gell's Gravitas       Tloc           8%         N/A       8%          3
c - Teleport Other        Tloc           16%        N/A       8%          3
d - Lesser Beckoning      Tloc           16%        N/A       8%          3

Your spell library contained the following spells:

 Spells                   Type           Power      Damage    Failure   Level
 Portal Projectile        Hex/Tloc       20%        N/A       19%         3
 Manifold Assault         Tloc           16%        N/A       56%         5
 Airstrike                Air            2%         N/A       85%         4
 Summon Lightning Spire   Summ/Air       5%         N/A       85%         4
 Blade Hands              Tmut           2%         N/A       99%         5
 Excruciating Wounds      Necr           2%         N/A       99%         5
 Lightning Bolt           Conj/Air       2%         1d14      99%         5


Dungeon Overview and Level Annotations

Branches:
Dungeon (4/15)
 Temple: D:4-7

Altars:
Xom

Annotations:
D:3 Robin


Innate Abilities, Weirdness & Mutations

You have very sharp teeth.
Your uncanny sense of smell can sniff out nearby items.
Your experience applies equally to all skills.


Message History

You sock the kobold!
You kill the kobold!
The orc wizard casts a spell.
The orc wizard flickers and vanishes!
Deactivating autopickup; reactivate with Ctrl-A.
The orc priest calls down the wrath of Beogh upon you.
Beogh smites you!
You hear a shout! x2
You climb upwards.
Reactivating autopickup.
There is a stone staircase leading down here.
You hit the orc but do no damage. The orc hits you with a +0 short sword.
You hit the orc but do no damage. You bite the orc, but do no damage.
The orc barely misses you.
You barely miss the orc.
A hobgoblin comes into view.
The orc closely misses you.
Robin of the Strong Arm comes into view.
They are wielding a +0 dagger, wearing the +2 helmet of Agoraphobia {+Blink Int+4} and carrying a wand of flame (23).
Robin shouts!
The hobgoblin shouts!
You hit the orc.
The orc is heavily wounded.
You hear a shout!
The orc hits you with a +0 short sword.
You are too injured to fight recklessly!
The orc hits you with a +0 short sword.
* * * LOW HITPOINT WARNING * * *
Robin drinks a potion.
Robin seems to speed up.
You thump the orc!
You kill the orc!
Robin says, "Kneel, worm!"
Casting: Teleport Other (dangerous; 8% risk of failure)
Confirm with . or Enter, or press ? or * to list all spells.
Aiming: Gell's Gravitas (dangerous; 8% risk of failure)
Press: ? - help, Dir - move target, f - Robin
Aim: Robin, wielding a +0 dagger, wearing a +0 animal skin, wearing the +2 helmet of Agoraphobia {+Blink Int+4} and carrying a wand of flame (23) (fast) Gravity reorients around Robin.
The hobgoblin collides with Robin!
Robin zaps a wand.
The puff of flame hits you!
* * * LOW HITPOINT WARNING * * *
Robin zaps a wand.
The puff of flame hits you.
You die...

....# #....#.##..# #......##.....
##### ###........# #.#.#.#####.#.
# ##..........# #.#.#.# #.#.
######.......###.# #.#.#.#####.#.
##.<.........###.###.#.#.......#.
...................gg(#..........
##.##...........gg.....#########.
##.###.....#.###)###..## #.
##.####....#.###@# #..# #.
............#.##.# #..# #.
###........###...###..# #.
....######..#.##......# ##
........##.#.########.#
#######.##.#.# #.# ........##.#.#
#.# ##########.#.# #.#
#.....#.########.#


You could see Robin (fast) and a hobgoblin.

Vanquished Creatures
  3 adders (D:2)
  A worm (D:2)
  A dart slug (D:1)
  An orc (D:3)
  2 bats
  5 endoplasms
  2 giant cockroaches
  7 goblins
  6 hobgoblins
  4 quokkas
  5 ball pythons
  4 frilled lizards
  2 kobolds
  5 rats
48 creatures vanquished.

Notes
Turn   | Place    | Note
-------+----------+-------------------------------------------
     0 | D:1      | NeededCrab the Gnoll Warper began the quest for the Orb.
     0 | D:1      | Reached XP level 1. HP: 20/20 MP: 6/6
     0 | D:1      | Upgraded the game from 0.28-a0-766-g0164abf to
                  | 0.28-a0-769-g550dbda
   127 | D:1      | Found a faded altar of an unknown god.
   191 | D:1      | Reached XP level 2. HP: 26/26 MP: 7/7
   309 | D:1      | Learned a level 2 spell: Blink
   417 | D:1      | You fall into a shaft and drop 1 floor!
   781 | D:1      | Reached XP level 3. HP: 31/31 MP: 9/9
   791 | D:1      | Learned a level 3 spell: Gell's Gravitas
   864 | D:1      | Learned a level 3 spell: Teleport Other
   902 | D:1      | Reached skill level 5 in Spellcasting
  1272 | D:2      | Learned a level 3 spell: Lesser Beckoning
  1518 | D:2      | Found a shimmering altar of Xom.
  1656 | D:2      | Reached skill level 1 in Invocations
  1842 | D:2      | HP: 1/31 [hobgoblin/stone (4)]
  2267 | D:2      | Reached skill level 1 in Short Blades
  2267 | D:2      | Reached skill level 1 in Long Blades
  2267 | D:2      | Reached skill level 1 in Axes
  2267 | D:2      | Reached skill level 1 in Polearms
  2267 | D:2      | Reached skill level 1 in Staves
  2267 | D:2      | Reached skill level 1 in Slings
  2267 | D:2      | Reached skill level 1 in Bows
  2267 | D:2      | Reached skill level 1 in Crossbows
  2267 | D:2      | Reached skill level 1 in Stealth
  2267 | D:2      | Reached skill level 1 in Shields
  2267 | D:2      | Reached skill level 1 in Unarmed Combat
  2267 | D:2      | Reached skill level 1 in Evocations
  2453 | D:2      | Reached XP level 4. HP: 35/38 MP: 11/11
  3477 | D:3      | Identified the +2 helmet of Agoraphobia {+Blink Int+4}
  3477 | D:3      | Noticed Robin
  3482 | D:3      | Killed from afar by Robin

Illustrated notes

Levels and vault maps discovered:
D:1:      evilmike_arrival_plus, layout_basic,
          shapermc_ecumenical_altar_starsandcircs
D:2:      layout_basic, basic_altar, kennysheep_minor_cross, st_stairs_4
D:3:      layout_loops_ring, uniq_robin
D:4:      layout_loops_corners, gammafunk_ghost_abyssal_escape, grunt_decor_cap,
          fountainhead

Skill      XL: |  1  2  3 |
---------------+----------+-----
Spellcasting   | 5 |  5.1
Invocations    | 1 |  1.2
Short Blades   | 1 |  1.1
Long Blades    | 1 |  1.1
Axes           | 1 |  1.1
Polearms       | 1 |  1.1
Staves         | 1 |  1.1
Slings         | 1 |  1.1
Bows           | 1 |  1.1
Crossbows      | 1 |  1.1
Stealth        | 1 |  1.1
Shields        | 1 |  1.1
Unarmed Combat | 1 |  1.1
Evocations     | 1 |  1.1
Fighting       | |  4.6
Maces & Flails | |  4.6
Throwing       | |  2.7
Armour         | |  2.7
Dodging        | |  4.6
Conjurations   | |  0.9
Hexes          | |  0.9
Summonings     | |  0.9
Necromancy     | |  0.9
Translocations | |  5.4
Transmutations | |  0.9
Fire Magic     | |  0.9
Ice Magic      | |  0.9
Air Magic      | |  0.9
Earth Magic    | |  0.9
Poison Magic   | |  0.9

Action                   |  1- 3 |  4- 6 || total
-------------------------+-------+-------++-------
Melee: Mace              |   105 |    45 ||   150
       Bite              |     6 |     6 ||    12
 Cast: Gell's Gravitas   |     4 |     1 ||     5
       Teleport Other    |     3 |       ||     3
 Stab: Sleeping          |     2 |       ||     2
Armor: Leather armour    |    15 |     5 ||    20
Dodge: Dodged            |    79 |    27 ||   106

Table legend: (Time is in decaauts)
 A = Elapsed time spent in this place.
 B = Non-inter-level travel time spent in this place.
 C = Inter-level travel time spent in this place.
 D = Time resting spent in this place.
 E = Time spent auto-exploring this place.
 F = Levels seen in this place.
 G = Mean time per level.
                   A        B        C        D        E       F      G
               +--------+--------+--------+--------+--------+-----+--------+
         Total |   3508 |   3316 |    192 |    595 |   2248 |   4 |  877.0 |
       Dungeon |   3508 |   3316 |    192 |    595 |   2248 |   4 |  877.0 |
               +--------+--------+--------+--------+--------+-----+--------+

Top non-repeatable levels by time:
     D:2: 1826 daAuts
     D:1: 948 daAuts
     D:3: 729 daAuts
     D:4: 3 daAuts
